 Dungeon Crawl Stone Soup version 0.31-a0-995-g04711c9635 (webtiles) character file.

Game seed: 1240862908446003106

8 BritishOli the Trooper (level 2, 14/24 HPs)
             Began as a Demonspawn Fighter on Nov 6, 2023.
             Got out of the dungeon alive.
             The game lasted 00:00:20 (62 turns).

BritishOli the Trooper (Demonspawn Fighter)           Turns: 62, Time: 00:00:20

Health: 14/24      AC:  6    Str: 16    XL:     2   Next: 0%
Magic:  2/2        EV:  8    Int:  9    God:
Gold:   12         SH:  4    Dex: 12    Spells: 1/1 levels left

rFire   . . .        a - +0 long sword
rCold   . . .        c - +0 buckler
rNeg    . . .        b - +0 scale mail
rPois   .            (no helmet)
rElec   .            (no cloak)
rCorr   .            (no gloves)
SInv    .            (no boots)
Will    .....        (no amulet) Stlth
                     (no ring)
HPRegen 0.24/turn    (no ring)
MPRegen 0.16/turn

%: no passive effects
@: no status effects
A: magic regeneration
a: no special abilities


You escaped.
You visited 1 branch of the dungeon, and saw 1 of its levels.

You collected 12 gold pieces.

Inventory:

Hand Weapons
 a - a +0 long sword (weapon)
Armour
 b - a +0 scale mail (worn)
 c - a +0 buckler (worn)
Potions
 d - a potion of might


   Skills:
 + Level 3.1 Fighting
 + Level 2.0 Long Blades
 + Level 2.8 Armour
 + Level 2.8 Shields


You had one spell level left.
You didn't know any spells.
Your spell library was empty.

Dungeon Overview and Level Annotations

Branches:
Dungeon (1/15)

Altars:


Innate Abilities, Weirdness & Mutations

You regenerate magic rapidly.


Message History

The endoplasm attacks as it pursues you!
The endoplasm hits you but does no damage.
The endoplasm attacks as it pursues you!
The endoplasm barely misses you.
You hit the endoplasm.
The endoplasm is severely wounded.
The endoplasm hits you but does no damage.
You hit the endoplasm but do no damage.
The endoplasm is severely wounded.
The endoplasm hits you.
You slash the endoplasm!
You kill the endoplasm!
You block the kobold's attack.
You closely miss the kobold. The kobold barely misses you.
You hit the kobold.
The kobold is severely wounded.
You block the kobold's attack.
You hit the kobold.
You kill the kobold!
You slash the hobgoblin!
You kill the hobgoblin!
You hit the dart slug.
The dart slug is lightly wounded.
The dart slug launches a dart at you.
The slug dart hits you but does no damage.
You slash the dart slug!
You kill the dart slug!
Your Long Blades skill increases to level 2!
You have reached level 2!
Your demonic ancestry asserts itself...
Your magic begins to regenerate rapidly.
Why would you want to do that? Why would you want to do that?
Why would you want to do that?
There is a staircase leading out of the dungeon here.
Alright, then stay!
Unknown command.
You can't go up here!
There is a staircase leading out of the dungeon here.
You have escaped!

.... .######..### #..#
##≈≈≈≈≈≈~≈≈≈## #..#
##≈≈≈≈≈≈~≈≈≈≈≈## #..#
##≈≈≈≈≈≈≈~≈≈≈≈≈≈# #..##
#≈≈≈8≈≈≈≈≈~≈≈8≈≈≈
#...###≈≈≈≈≈≈≈≈≈≈~≈≈≈≈≈
##....).≈≈≈≈...≈≈≈~≈≈≈≈≈
#....###.≈≈.≈≈≈.≈≈~≈≈≈≈≈
.....# #≈..≈≈≈≈.@~≈≈≈≈≈≈
....K# #≈≈≈≈≈≈~>.≈≈≈≈..≈
.....# #≈≈≈≈≈~≈≈.≈≈≈.≈≈.
...g.# #≈≈≈≈≈~≈≈≈...≈≈≈≈
...w.# #≈≈≈≈≈~≈≈≈≈≈≈≈≈≈≈
.....# #≈≈≈8≈≈~≈≈≈≈≈8≈≈≈
†....# ##≈≈≈≈≈≈~≈≈≈≈≈≈≈.
..#### ##≈≈≈≈≈~≈≈≈≈≈≈#.
......#


There were no monsters in sight!

Vanquished Creatures
  A dart slug (D:1)
  A bat (D:1)
  An endoplasm (D:1)
  A hobgoblin (D:1)
  A kobold (D:1)
  A rat (D:1)
6 creatures vanquished.

Notes
Turn   | Place    | Note
-------+----------+-------------------------------------------
     0 | D:1      | BritishOli the Demonspawn Fighter began the quest for the
                  | Orb.
     0 | D:1      | Reached XP level 1. HP: 18/18 MP: 1/1
    50 | D:1      | Gained mutation: You regenerate magic rapidly. [demonic
                  | ancestry]
    50 | D:1      | Reached XP level 2. HP: 11/24 MP: 2/2
    62 | D:$      | Got out of the dungeon alive.

Illustrated notes

Levels and vault maps discovered:
D:1:      nzn_arrival_water_spiral, layout_basic,
          chequers_ecumenical_altar_lobes

Skill      XL: |  1 |
---------------+----+-----
Long Blades    | 2 |  2.0
Fighting       | |  3.1
Armour         | |  2.8
Shields        | |  2.8

Action                     || total
---------------------------++-------
  Melee: Long sword        ||    17
 Armour: Scale mail        ||    12
  Dodge: Dodged            ||    10
  Block: Buckler           ||     3

Table legend: (Time is in decaauts)
 A = Elapsed time spent in this place.
 B = Non-inter-level travel time spent in this place.
 C = Inter-level travel time spent in this place.
 D = Time resting spent in this place.
 E = Time spent auto-exploring this place.
 F = Levels seen in this place.
 G = Mean time per level.
                   A        B        C        D        E       F      G
               +--------+--------+--------+--------+--------+-----+--------+
         Total |     68 |     68 |      0 |      0 |     14 |   1 |   68.0 |
       Dungeon |     68 |     68 |      0 |      0 |     14 |   1 |   68.0 |
               +--------+--------+--------+--------+--------+-----+--------+

Top non-repeatable levels by time:
     D:1: 68 daAuts
